 Dungeon Crawl Stone Soup version 0.29-a0-375-g5102b3be25 (webtiles) character file.

Game seed: 8224144460677556700

30 bastard the Poker (level 3, -3/27 HPs)
             Began as a Merfolk Gladiator on May 3, 2022.
             Slain by Terence
             ... wielding a +2 flail of protection
              (7 damage)
             ... on level 2 of the Dungeon.
             The game lasted 00:02:07 (990 turns).

bastard the Poker (Merfolk Gladiator)                Turns: 990, Time: 00:02:08

Health: -3/27      AC:  4    Str: 14    XL:     3   Next: 18%
Magic:  3/3        EV: 13    Int:  7    God:
Gold:   33         SH:  0    Dex: 17    Spells: 2/2 levels left

rFire   . . .      SeeInvis .   a - +0 trident
rCold   . . .      Faith    .   (no shield)
rNeg    . . .      Spirit   .   b - +0 leather armour
rPois   .          Reflect  .   c - +0 helmet
rElec   .          Harm     .   (no cloak)
rCorr   .          Rampage  .   (no gloves)
Will    .....                   (no boots)
Stlth   +.........              (no amulet)
HPRegen 0.09/turn               (no ring)
MPRegen 0.08/turn               (no ring)

@: no status effects
A: (nimble swimmer 2), mertail
a: no special abilities


You were on level 2 of the Dungeon.
You visited 1 branch of the dungeon, and saw 2 of its levels.

You collected 33 gold pieces.

Inventory:

Hand Weapons
 a - a +0 trident (weapon)
Missiles
 d - a throwing net (quivered)
 e - a javelin
Armour
 b - a +0 leather armour (worn)
 c - a +0 helmet (worn)
Jewellery
 f - a +6 ring of dexterity
Scrolls
 g - a scroll of identify {unknown}
 j - a scroll of poison {unknown}
 k - a scroll of teleportation {unknown}
Potions
 h - a potion of lignification {unknown}
 i - a potion of berserk rage {unknown}


   Skills:
 - Level 2.1 Fighting
 + Level 5.6 Polearms
 - Level 2.0 Throwing
 - Level 4.0 Dodging


You had 2 spell levels left.
You didn't know any spells.
Your spell library was empty.

Dungeon Overview and Level Annotations

Branches:
Dungeon (2/15)

Altars:

Shops:
D:1 *

Annotations:
D:2 Terence


Innate Abilities, Weirdness & Mutations

((You are very nimble when in or above water. (Stealth+, EV+, Speed+++)))
Your lower body shifts to a powerful aquatic tail in water.


Message History

Found 8 gold pieces.
Terence struggles against the net.
You hit Terence but do no damage.
Terence struggles against the net.
The net rips apart, and Terence comes free!
Throw: 2 throwing nets
Press: ? - help, Q - select action, (/) - cycle Shift-Dir - straight line, f/p - Terence
Aim: Terence, wielding a +2 flail of protection and wearing a +0 chain mail (69% to hit)
You throw a throwing net. The throwing net hits Terence.
Terence is caught in the net!
Terence struggles against the net.
You hit Terence but do no damage.
Terence struggles against the net.
You hit Terence but do no damage.
Terence struggles against the net.
You hit Terence but do no damage.
Terence shouts, "ATTACK!!!"
Terence struggles against the net.
You hit Terence but do no damage.
Terence struggles against the net.
You hit Terence but do no damage.
Terence struggles against the net.
The net rips apart, and Terence comes free!
The worm bites you.
You hit Terence but do no damage.
Terence hits you with a +2 flail of protection.
The worm barely misses you.
You hit Terence but do no damage. Terence barely misses you.
You hit Terence but do no damage.
Terence hits you with a +2 flail of protection.
The worm bites you!
* * * LOW HITPOINT WARNING * * *
You are too injured to fight recklessly!
You are too injured to fight recklessly!
You are too injured to fight recklessly!
Unknown command.
Terence attacks as you move away! Terence barely misses you.
There is a stone staircase leading up here.
You see here a worm corpse.
Terence attacks as you move away!
Terence hits you with a +2 flail of protection.
* * * LOW HITPOINT WARNING * * *
A goblin comes into view. It is wielding a +0 club.
Terence attacks as you move away!
Terence hits you with a +2 flail of protection!
You die...

......#
########.....#
#.....##.....##
+......+.......
###+#.....##.....#
#........)##.....##
+..........+......#
#....#....##.@@...#
#.. #....##......#
# ..#..........#g#
........w<....# .'
$..............#
#..
...........†...# .
...............#
..^.............#
####..=.........#


You could see Terence, a worm and a goblin (asleep).

Vanquished Creatures
  A worm (D:2)
  A dart slug (D:1)
  4 ball pythons
  An endoplasm (D:2)
  2 goblins (D:1)
  A hobgoblin (D:1)
  2 jackals (D:1)
  3 frilled lizards (D:1)
  5 kobolds
  6 rats
26 creatures vanquished.

Vanquished Creatures (others)
  2 fungi (D:1)
2 creatures vanquished.

Grand Total: 28 creatures vanquished

Notes
Turn   | Place    | Note
-------+----------+-------------------------------------------
     0 | D:1      | bastard the Merfolk Gladiator began the quest for the Orb.
     0 | D:1      | Reached XP level 1. HP: 16/16 MP: 1/1
   100 | D:1      | Found a faded altar of an unknown god.
   228 | D:1      | Reached XP level 2. HP: 22/22 MP: 2/2
   449 | D:1      | Reached skill level 5 in Polearms
   574 | D:1      | Found Ninkayll's General Store.
   855 | D:2      | Reached XP level 3. HP: 24/27 MP: 3/3
   965 | D:2      | Noticed Terence
   990 | D:2      | Slain by Terence

Illustrated notes

Levels and vault maps discovered:
D:1:      roderic_chinese_lattice_arrival, layout_loops_ring, serial_shops,
          nicolae_shop_crystal, shapermc_ecumenical_altar_mp_urbaneastern,
          corexii_corridor_pit
D:2:      layout_basic, uniq_terence

Skill      XL: |  1  2 |
---------------+-------+-----
Polearms       | 5 |  5.6
Fighting       | |  2.1
Throwing       | |  2.0
Dodging        | |  4.0

Action                   || total
-------------------------++-------
Melee: Trident           ||   105
       Punch             ||     1
Throw: Throwing net      ||     2
 Stab: Sleeping          ||     3
       Held in net/web   ||     1
Armor: Leather armour    ||    14
Dodge: Dodged            ||    47

Table legend: (Time is in decaauts)
 A = Elapsed time spent in this place.
 B = Non-inter-level travel time spent in this place.
 C = Inter-level travel time spent in this place.
 D = Time resting spent in this place.
 E = Time spent auto-exploring this place.
 F = Levels seen in this place.
 G = Mean time per level.
                   A        B        C        D        E       F      G
               +--------+--------+--------+--------+--------+-----+--------+
         Total |    995 |    958 |     37 |      0 |    748 |   2 |  497.5 |
       Dungeon |    995 |    958 |     37 |      0 |    748 |   2 |  497.5 |
               +--------+--------+--------+--------+--------+-----+--------+

Top non-repeatable levels by time:
     D:1: 842 daAuts
     D:2: 152 daAuts
